[Event "*** Titled Tuesday Blitz"]
[Site "Chess.com"]
[Date "2018.10.02"]
[Round "5"]
[White "Synctel"]
[Black "Nathan_Filgueiras"]
[Result "1-0"]
[WhiteElo "1992"]
[BlackElo "2186"]
[TimeControl "180+2"]
[EndTime "14:03:58 PDT"]
[Termination "Synctel won by checkmate"]

1. d4 Nf6 2. Nf3 e6 3. Bg5 h6 4.
Bxf6 Qxf6 5. e4 Qd8 6. Bd3 c5 7. c3 Be7 8. O-O O-O 9. Nbd2 d6 10. Qe2 Nc6 11. Rad1 e5 12. Bb5 Qc7 13. Bxc6 bxc6 14. dxe5 dxe5 15. Qe3 Be6 16. c4 Rab8 17. b3 Rfd8 18. Nb1 Bf6 19. Nc3 Qa5 20. Rfe1 Bg4 21. h3 Be6 22. Na4 Bxc4 23. Nxc5 Bb5 24. Nd7 Bg5 25. Nxg5 Rxd7 26. Rxd7 hxg5 27. Rxa7 Qb4 28. Rd1 c5 29. Qxg5 Qxe4 30. Rd8+ Rxd8 31. Qxd8+ Kh7 32. Ra8 Bc6 33. Qh8+ Kg6 34. f3 Qe1+ 35. Kh2 Qd2 36. Qh4 f5 37. Rc8 Qd5 38. Rc7 e4 39. Qg3+ Kh5 40.
Rxg7 f4 41. Rh7# 1-0

[Event "*** Titled Tuesday Blitz"]
[Site "Chess.com"]
[Date "2018.10.02"]
[Round "5"]
[White "Bauxi435"]
[Black "Thee-Chessboy"]
[Result "1-0"]
[WhiteElo "2428"]
[BlackElo "2302"]
[TimeControl "180+2"]
[EndTime "14:04:01 PDT"]
[Termination "Bauxi435 won by resignation"]

1. d4 Nf6 2. c4 e6 3. Nc3 c5 4. d5 exd5 5. cxd5 d6 6. e4 g6 7. Nge2 Bg7 8. Ng3 O-O 9. Be2 a6 10. a4 Re8 11. O-O h5 12. Bg5 Qc7 13. Qd2 Nbd7 14. f4 Nh7 15. Bh4 c4 16. e5 dxe5 17.
f5 Ndf8 18. fxg6 fxg6 19. Nxh5 gxh5 20. Bxh5 Ng6 21. d6 Qb6+ 22. Bf2 Qc6 23. Bxg6 Re6 24. Qc2 Nf8 25. Be4 Qxd6 26. Rad1 Qe7 27. Bd5 Kh8 28. Bxe6 Bxe6 29. Qe4 Nh7 30. Bh4 Qe8 31. Qxb7 Rb8 32. Qxa6 Qg6 33. Rf2 Qg4 34. Qa7 Rg8 35. Bg3 Ng5 36. Qe3 Bh6 37. Qxe5+ Kh7 38. Re1 Rg7 39. Ne4 Nxe4 40. Qxe4+ Qxe4 41. Rxe4 Bd5 42. Rd4 Rd7 43. Bf4 Bg7 44. Rd1 Bf8 45. Rfd2 Bc5+ 46. Kh1 c3 47. bxc3 1-0

[Event "*** Titled Tuesday Blitz"]
[Site "Chess.com"]
[Date "2018.10.02"]
[Round "5"]
[White "W_Amadeus"]
[Black "Maikrosoft63"]
[Result "0-1"]
[WhiteElo "2604"]
[BlackElo "2562"]
[TimeControl "180+2"]
[EndTime "14:04:05 PDT"]
[Termination "Maikrosoft63 won by resignation"]

1. e4 c5 2. Nf3 Nc6 3. Bb5 d6 4. O-O Bd7 5. Re1 Nf6 6. c3 a6 7. Bf1 Bg4 8. h3 Bxf3 9. Qxf3 g6 10. d3 Bg7 11. Be3 O-O 12. Nd2 Nd7 13. Qd1 b5 14. Nf3 b4 15. Qa4 Qb6 16. Rac1 Rfc8 17. Red1 Nde5 18. Nd2 Qb5 19. Qxb5 axb5 20. d4 bxc3 21.
bxc3 Nd7 22. Bxb5 Rxa2 23. d5 Ncb8 24. Nc4 Ne5 25. Nb6 Rc7 26. Ra1 Rxa1 27. Rxa1 Rb7 28.
Nc8 Rxb5 29. Nxe7+ Kf8 30. Nc8 Nc4 31. Bf4 Be5 32.
Bxe5 dxe5 33. Ra8 Ke8 34. Kh2 Kd7 35. Ra7+ Kxc8 36. Rxf7 Rb7 37. Rf8+ Kc7 38. Rf7+ Kb6 39. Rf6+ Kb5 40. h4 Nd7 41. Rf7 Nd6 42. Rxh7 Nxe4 43. f3 Nxc3 44. g4 Nxd5 45. h5 gxh5 46. gxh5 N5f6 47.
Rh6 c4 0-1

[Event "*** Titled Tuesday Blitz"]
[Site "Chess.com"]
[Date "2018.10.02"]
[Round "5"]
[White "sergeikim"]
[Black "Fins0905"]
[Result "0-1"]
[WhiteElo "2442"]
[BlackElo "2571"]
[TimeControl "180+2"]
[EndTime "14:04:07 PDT"]
[Termination "Fins0905 won by resignation"]

1. d4 d5 2. c4 c6 3. Nf3 Nf6 4. Qc2 dxc4 5. Qxc4 Bf5 6. e3 e6 7. Bd3 Bxd3 8. Qxd3 Nbd7 9. O-O Be7 10. Nc3 O-O 11. e4 a6 12. e5 Nd5 13. Nxd5 cxd5 14.
g3 Rc8 15. h4 h6 16. Bd2 Qb6 17. b3 Qb5 18. Qe3 f5 19. exf6 Rxf6 20. Ne1 e5 21. dxe5 d4 22. Qd3 Nxe5 23. Qxb5 axb5 24. f4 Ng4 25. Nd3 Rc2 26. Rfd1 h5 27. a4 bxa4 28. bxa4 Ne3 29. Bxe3 dxe3 30. Re1 Rc3 31. Rad1 Rg6 32. Kg2 Bxh4 33. Rxe3 Bf6 34. Kf3 Ra3 35. Rb1 Kh7 36. Rxb7 Bd4 37. Rb5 Bxe3 38. Rxh5+ Kg8 39. Ne5 Bd4+ 40.
Ke4 Bxe5 41. Rxe5 Rgxg3 0-1

[Event "*** Titled Tuesday Blitz"]
[Site "Chess.com"]
[Date "2018.10.02"]
[Round "5"]
[White "kleinebeer98"]
[Black "severomorskij"]
[Result "1-0"]
[WhiteElo "2570"]
[BlackElo "2693"]
[TimeControl "180+2"]
[EndTime "14:04:09 PDT"]
[Termination "kleinebeer98 won on time"]

1. e4 c5 2. Nf3 Nc6 3. c3 d5 4.
exd5 Qxd5 5. d4 Bf5 6. Be2 cxd4 7. cxd4 Bxb1 8. Rxb1 e6 9. O-O Nf6 10. b4 Bd6 11. b5 Ne7 12. Bg5 Ne4 13. Bxe7 Kxe7 14. Rb3 Rhc8 15. Bd3 Nf6 16. Re1 Kf8 17. a4 g6 18. Bb1 Rc4 19. Rb2 Rc7 20. Ba2 Qh5 21. Rbe2 Nd5 22. Bxd5 Qxd5 23. Ne5 Rac8 24. Qd2 Bxe5 25.
Rxe5 Qd6 26. d5 Kg8 27. Qf4 Rc4 28. Qg5 exd5 29. Rxd5 Qb4 30. Red1 Qb2 31. h4 Rc1 32. h5 Rxd1+ 33. Rxd1 Qc3 34. h6 1-0

[Event "*** Titled Tuesday Blitz"]
[Site "Chess.com"]
[Date "2018.10.02"]
[Round "5"]
[White "KRASAVCHIK2002"]
[Black "Morshynska"]
[Result "1-0"]
[WhiteElo "2292"]
[BlackElo "2078"]
[TimeControl "180+2"]
[EndTime "14:04:09 PDT"]
[Termination "KRASAVCHIK2002 won by resignation"]

1. e4 e5 2. Nf3 Nc6 3. Bb5 a6 4. Ba4 Nf6 5. O-O b5 6. Bb3 Bb7 7. Re1 Bc5 8. c3 d6 9. d4 Bb6 10. a4 h6 11. Na3 O-O 12. Rb1 exd4 13. cxd4 Na5 14. e5 dxe5 15. dxe5 Ng4 16. Be3 Nxe3 17. fxe3 Nxb3 18. Qxb3 Bxf3 19. gxf3 Qg5+ 20. Kh1 Qxe5 21.
axb5 axb5 22. Nxb5 Rfe8 23. e4 Ra5 24. Nc3 Qh5 25. Nd5 Qh3 26. Rbd1 Rc5 27. Rg1 Rc6 28. Rg3 Qh5 29. Qb5 Ree6 30. Ne7+ Rxe7 31. Qxh5 Rf6 32.
Qd5 Kh7 33. Qd3 g6 34. Qc2 Rfe6 35. h3 Re5 36. Rd5 Rxd5 37. exd5 Re1+ 38. Kh2 Bg1+ 39.
Rxg1 Rxg1 40. Kxg1 h5 41. Qxc7 1-0

[Event "*** Titled Tuesday Blitz"]
[Site "Chess.com"]
[Date "2018.10.02"]
[Round "5"]
[White "LucaBrasi1968"]
[Black "plouarzel"]
[Result "0-1"]
[WhiteElo "2432"]
[BlackElo "2598"]
[TimeControl "180+2"]
[EndTime "14:04:09 PDT"]
[Termination "plouarzel won on time"]

1. d4 d6 2. Nf3 Nf6 3. Bg5 Nbd7 4.
e3 h6 5. Bh4 g5 6. Bg3 Bg7 7. Bd3 Nh5 8. c3 c6 9. Nbd2 Ndf6 10.
Ng1 Nxg3 11. hxg3 e5 12. dxe5 dxe5 13. Qc2 Qe7 14. Bf5 Be6 15. Bxe6 Qxe6 16. e4 O-O-O 17. f3 h5 18. Ne2 h4 19. g4 Bf8 20. Qb3 Bc5 21. Qxe6+ fxe6 22. Nc4 Nd7 23. O-O-O Kc7 24. b4 Be7 25. Kc2 b5 26. Nb2 a5 27. a3 Ra8 28.
Nc1 c5 29. Ncd3 axb4 30. axb4 c4 31. Nf2 Ra2 32. Ra1 Rha8 33. Rxa2 Rxa2 34. Kb1 Ra3 35.
Kc2 Nb8 36. Nh3 Nc6 37. Rd1 Bxb4 38. cxb4 Nxb4+ 39. Kb1 c3 40. Rc1 Kb6 41. Nd1 Rb3+ 42. Ka1 Ra3+ 43. Kb1 Rb3+ 44. Ka1 c2 45. Ndf2 Ka5 46.
Nxg5 Ka4 47. Nxe6 Ka3 48. Nc7 Rb2 49. Nxb5+ Kb3 0-1

[Event "*** Titled Tuesday Blitz"]
[Site "Chess.com"]
[Date "2018.10.02"]
[Round "5"]
[White "Zq1"]
[Black "wonderfultime"]
[Result "0-1"]
[WhiteElo "2586"]
[BlackElo "2854"]
[TimeControl "180+2"]
[EndTime "14:04:11 PDT"]
[Termination "wonderfultime won by resignation"]

1. d4 Nf6 2. c4 e6 3. Nc3 d5 4. Nf3 dxc4 5. Qa4+ Nbd7 6. e4 c5 7. d5 exd5 8. e5 d4 9. exf6 dxc3 10. Bxc4 Qxf6 11.
Bg5 Qf5 12. O-O Bd6 13. Rfe1+ Kf8 14. Rad1 h6 15. Bc1 Qf6 16. bxc3 g5 17. Be6 Nb6 18. Qb5 Bxe6 19. Rxd6 Rc8 20. Ne5 Kg7 21. c4 Rhd8 22.
Rxd8 Qxd8 23. Bb2 Kg8 24. Qb3 Qd2 25. Bc3 Qf4 26. g3 Qf5 27. Ba1 Re8 28. Qc3 Na4 29. Qb3 Nb6 30. Qb2 f6 31. Nd3 Bf7 32. Rxe8+ Bxe8 33. Qe2 Bc6 34. Qe7 Nd7 35. Qd8+ Nf8 36. Ne1 Qe4 37. Kf1 Qh1+ 38. Ke2 Qe4+ 39. Kf1 Qxc4+ 40. Kg1 Qc1 41. Kf1 Qxa1 42. Qd6 Qe5 0-1

[Event "*** Titled Tuesday Blitz"]
[Site "Chess.com"]
[Date "2018.10.02"]
[Round "5"]
[White "jerom555888"]
[Black "Rodalquilar"]
[Result "1-0"]
[WhiteElo "2707"]
[BlackElo "2540"]
[TimeControl "180+2"]
[EndTime "14:04:16 PDT"]
[Termination "jerom555888 won on time"]

1. Nf3 Nf6 2. g3 d5 3. Bg2 Bf5 4. O-O e6 5. d3 Be7 6. Nh4 Bg4 7. h3 Bh5 8. g4 Nfd7 9. gxh5 Bxh4 10. c4 c6 11. cxd5 exd5 12. e4 dxe4 13. dxe4 O-O 14. f4 Nc5 15. Qf3 Qd3 16. Be3 Nba6 17. Nc3 Rad8 18. e5 Qc2 19. Rab1 Qf5 20. Qg4 Qxg4 21. hxg4 Rd3 22. Rf3 Rfd8 23. Bf1 R3d7 24. g5 h6 25. Bxa6 Nxa6 26. Rh3 Rd3 27. Ne4 hxg5 28.
fxg5 R8d4 29. Rxh4 Rxe3 30. Nf6+ gxf6 31. Rxd4 fxg5 32.
Rf1 Nc5 33. Rf5 Kf8 34. h6 Rh3 35. b4 Ne6 36. Rd7 Rxh6 37. Rfxf7+ Ke8 38. Rfe7+ Kf8 39. Rxb7 g4 40. Rxa7 g3 41. Reb7 Kg8 42. Rb8+ Nf8 43. Raa8 1-0

[Event "*** Titled Tuesday Blitz"]
[Site "Chess.com"]
[Date "2018.10.02"]
[Round "5"]
[White "lucasmito"]
[Black "senecacrane"]
[Result "0-1"]
[WhiteElo "2371"]
[BlackElo "2173"]
[TimeControl "180+2"]
[EndTime "14:04:17 PDT"]
[Termination "senecacrane won by checkmate"]

1. e4 c6 2. d4 d5 3. Nc3 dxe4 4. Nxe4 Bf5 5. Ng3 Bg6 6. h4 h6 7. h5 Bh7 8. Nf3 Nd7 9. Bd3 Bxd3 10. Qxd3 Qc7 11. Bd2 Ngf6 12. O-O-O e6 13. Kb1 O-O-O 14. Ne4 Be7 15. c4 c5 16. Bc3 cxd4 17. Bxd4 Nc5 18.
Nxc5 Bxc5 19. Qe2 Bxd4 20. Nxd4 Qc5 21. Rh4 Rd7 22. Nc2 Rhd8 23. Rxd7 Rxd7 24. a3 Qf5 25. Ka2 Qg5 26. Rd4 Rxd4 27. Nxd4 Qxh5 28. f3 Qc5 29. Nb3 Qc7 30. c5 Nd7 31. Qe3 Qc6 32. Qd4 e5 33.
Qg4 g6 34. Qc4 Qe6 35. Qc1 Kc7 36. a4 h5 37. Ka3 Qd5 38. Qe3 f5 39. Qg5 Nxc5 40.
Qe7+ Kb6 41. a5+ Kb5 42. Qe8+ Ka6 43. Qxg6+ b6 44. Nxc5+ Qxc5+ 45. b4 Qc3+ 46. Ka4 Qc2+ 47. Ka3 Qc1+ 48. Ka4 Qa1+ 49. Kb3 Qb1+ 50. Ka4 Qa2# 0-1

[Event "*** Titled Tuesday Blitz"]
[Site "Chess.com"]
[Date "2018.10.02"]
[Round "5"]
[White "Sanan_Sjugirov"]
[Black "RitvarsReimanis"]
[Result "1-0"]
[WhiteElo "2811"]
[BlackElo "2606"]
[TimeControl "180+2"]
[EndTime "14:04:18 PDT"]
[Termination "Sanan_Sjugirov won by resignation"]

1. d4 Nf6 2. c4 e6 3. Nf3 d5 4. Nc3 Be7 5. Bg5 O-O 6. Qc2 c6 7. e3 b6 8. Bd3 Bb7 9. Bxf6 gxf6 10. Bxh7+ Kg7 11. Bd3 Nd7 12. cxd5 cxd5 13. h4 Rc8 14. Qe2 Rh8 15. h5 f5 16. a3 Nf6 17. Ne5 Bd6 18. h6+ Kf8 19. Qf3 Bxe5 20. dxe5 Ng4 21. Qf4 Qc7 22. Be2 Qxe5 23. Qb4+ Ke8 24. Nb5 a5 25.
Qd6 Rc6 26. Nc7+ Rxc7 27. Bb5+ Bc6 28. Bxc6+ Rxc6 29. Qxc6+ Ke7 30. Qxb6 Rxh6 31. Rxh6 Nxh6 32. Rc1 Ng4 33. Qc5+ Kf6 34. Qd4 Kg6 35. Qxe5 Nxe5 36.
Ke2 a4 37. Rc8 Nc4 38. Rxc4 dxc4 39. Kd2 f4 40. exf4 Kf5 41. Kc3 Kxf4 42. Kxc4 e5 43. b3 axb3 44. Kxb3 e4 45. Kc4 e3 46. fxe3+ Kxe3 47. a4 Kf2 48. a5 f5 49. a6 f4 50. a7 Kxg2 51. a8=Q+ f3 52. Kd3 1-0

[Event "*** Titled Tuesday Blitz"]
[Site "Chess.com"]
[Date "2018.10.02"]
[Round "5"]
[White "Ziyamammadov"]
[Black "NemtsevIgor"]
[Result "1/2-1/2"]
[WhiteElo "1924"]
[BlackElo "2361"]
[TimeControl "180+2"]
[EndTime "14:04:23 PDT"]
[Termination "Game drawn by agreement"]

1. e4 c6 2. d4 d5 3. exd5 cxd5 4. c4 Nf6 5. Nc3 e6 6. Bg5 Be7 7. Nf3 Ne4 8. Bxe7 Qxe7 9. Bd3 Nxc3 10. bxc3 dxc4 11. Bxc4 O-O 12. O-O b6 13. d5 exd5 14. Bxd5 Bb7 15. Re1 Qd7 16. Bxb7 Qxb7 17. Qb3 Nc6 18.
Rad1 Na5 19. Qa4 Rac8 20. Qd4 Qc7 21. Rd3 Rfd8 22. Qe4 h6 23. Rxd8+ Rxd8 24. Qe3 Rc8 25. Rc1 Qc4 26. Qd2 Qe4 27. Nd4 Nc4 28. Qc2 Qxc2 29. Rxc2 Na3 30. Rc1 b5 31. Kf1 b4 32. Ne2 Rb8 33.
c4 Rc8 34. c5 Nb5 35. Nf4 Nc3 36. Nd3 a5 37. Rc2 f6 38. a3 Nd5 39. axb4 axb4 40.
c6 Kf7 41. Rc4 b3 42. Rc5 Ke6 43. Rb5 Rxc6 44. Rxb3 Rc2 45. g3 g5 46. Kg2 g4 47.
Nb4 Nxb4 48. Rxb4 h5 49. Rb6+ Kf5 50. Rb5+ Kg6 51. Rb4 Kg5 52. Rb5+ f5 53. Rb8 1/2-1/2

[Event "*** Titled Tuesday Blitz"]
[Site "Chess.com"]
[Date "2018.10.02"]
[Round "5"]
[White "51616516516"]
[Black "luizzy"]
[Result "1-0"]
[WhiteElo "2310"]
[BlackElo "2406"]
[TimeControl "180+2"]
[EndTime "14:04:28 PDT"]
[Termination "51616516516 won by resignation"]

1. d4 Nf6 2. c4 g6 3. Nf3 Bg7 4. g3 O-O 5. Bg2 d6 6. O-O Nbd7 7. Nc3 e5 8. e4 a5 9. h3 h6 10. Be3 c6 11. Qc2 Qc7 12. Rad1 Re8 13. Kh2 Kh7 14. b3 b6 15. g4 exd4 16. Nxd4 d5+ 17. Kg1 dxe4 18.
Nxe4 Nxe4 19. Bxe4 Bb7 20. Nf5 Nf6 21. Nxg7 Nxe4 22.
Nxe8 Rxe8 23. Qd3 Re7 24. Qd8 Qxd8 25. Rxd8 c5 26. Rc1 Kg7 27. Bf4 g5 28. Bh2 Bc6 29. Re1 Kf6 30. f3 Nd2 31. Rxe7 Nxf3+ 32. Kh1 Kxe7 33.
Rc8 Kd7 34. Rc7+ Ke8 35. Rxc6 Nd4 36. Rxb6 Nc2 37. Ra6 Nb4 38. Rxa5 Nd3 39. Bd6 Kd7 40. Bxc5 Nf2+ 41. Kg2 Ne4 42. Bd4 Kc6 43. Re5 Nd6 44.
a4 Kd7 45. Rd5 1-0

[Event "*** Titled Tuesday Blitz"]
[Site "Chess.com"]
[Date "2018.10.02"]
[Round "5"]
[White "kasparik_garik"]
[Black "Aygehovit1992"]
[Result "1-0"]
[WhiteElo "2561"]
[BlackElo "2641"]
[TimeControl "180+2"]
[EndTime "14:04:31 PDT"]
[Termination "kasparik_garik won by resignation"]

1. b3 e5 2. Bb2 Nc6 3. e3 Nf6 4. Bb5 Bd6 5. Na3 Na5 6. Nc4 Nxc4 7. Bxc4 Qe7 8. Ne2 c6 9. Ng3 g6 10. O-O h5 11. f4 h4 12. Ne2 h3 13. g3 b5 14. fxe5 Bxe5 15. Bxe5 Qxe5 16. Bd3 d6 17. Nd4 Bg4 18. Be2 Qd5 19. Bf3 Bxf3 20. Qxf3 Rc8 21. Qxd5 Nxd5 22. e4 Ne7 23. Rf6 Rd8 24. Raf1 Rh7 25.
d3 b4 26. a3 bxa3 27. Ra1 d5 28. e5 c5 29. Nb5 Nf5 30. Rxa3 Rd7 31. Nxa7 Nd4 32. c3 Ne2+ 33. Kf2 Nxc3 34. Nc6 Kf8 35. Ra8+ Kg7 36. Rd6 Rb7 37. e6 fxe6 38. Rxe6 Rxb3 39. Ne5 Rb2+ 40. Kf3 Rh5 41. Ra7+ Kg8 42. Rxg6+ Kf8 43. Rf7+ 1-0

[Event "*** Titled Tuesday Blitz"]
[Site "Chess.com"]
[Date "2018.10.02"]
[Round "5"]
[White "DanielNaroditsky"]
[Black "jncool68"]
[Result "1/2-1/2"]
[WhiteElo "2961"]
[BlackElo "2701"]
[TimeControl "180+2"]
[EndTime "14:04:38 PDT"]
[Termination "Game drawn by repetition"]

1. e4 e5 2. Nc3 Nf6 3. Bc4 Nc6 4. d3 Na5 5. Bg5 Nxc4 6. dxc4 d6 7. Nge2 Be7 8. Qd3 b6 9. O-O Bb7 10. Ng3 Nd7 11.
Bxe7 Qxe7 12. Nf5 Qf6 13. Nb5 Nc5 14. Nxc7+ Kd8 15. Nd5 Nxd3 16. Nxf6 Nc5 17. Nd5 Nxe4 18. Rad1 g6 19. f3 gxf5 20. fxe4 f4 21. g3 Rg8 22. Kh1 Bxd5 23. Rxd5 Ke7 24. gxf4 f6 25. Rd3 Rg4 26. Rdf3 exf4 27. Rxf4 Rxf4 28. Rxf4 Rc8 29. b3 b5 30. Rh4 bxc4 31. Rxh7+ Ke6 32. Rxa7 Ke5 33. Ra4 cxb3 34. cxb3 Rc2 35. Kg1 Kf4 36. Kf1 Rxh2 37. Ke1 Ke3 38. Kd1 Kd3 39. Kc1 Re2 40. Ra6 Kxe4 41. a4 f5 42. Rxd6 f4 43. Re6+ Kd3 44. Rf6 Ke3 45. a5 Ra2 46. a6 f3 47. b4 f2 48. b5 Ra5 49. Re6+ Kf3 50. Rf6+ Ke3 51. Re6+ Kf3 52. Rf6+ Ke3 53. Re6+ Kf3 54. Rf6+ Ke3 55. Re6+ 1/2-1/2

[Event "*** Titled Tuesday Blitz"]
[Site "Chess.com"]
[Date "2018.10.02"]
[Round "5"]
[White "chenrip"]
[Black "017290"]
[Result "0-1"]
[WhiteElo "2395"]
[BlackElo "2414"]
[TimeControl "180+2"]
[EndTime "14:04:39 PDT"]
[Termination "017290 won by resignation"]

1. e4 e5 2. Nf3 Nc6 3. d4 exd4 4. Nxd4 Nf6 5. Nxc6 bxc6 6. e5 Qe7 7. Qe2 Nd5 8. c4 Nb6 9. Nc3 Qe6 10. b3 Bb4 11.
Bd2 O-O 12. g3 d5 13. cxd5 cxd5 14. Bg2 Bb7 15. O-O c5 16. Rfe1 f6 17. a3 Bxc3 18. Bxc3 fxe5 19. Bxe5 Rae8 20. f4 Qd7 21. Qc2 c4 22.
Rad1 Qb5 23. bxc4 Nxc4 24. a4 Qb6+ 25. Kh1 Ne3 26. Rxe3 Qxe3 27. Bd4 Qe2 28. Rd2 Qe1+ 29. Bg1 Rc8 30. Qb2 Rc1 31. Qd4 Kh8 32. Rb2 Bc6 33. Qxa7 d4 34. Qxd4 Bxg2+ 35. Kxg2 Qf1+ 36. Kh1 Qf3+ 37. Rg2 Re8 38. h3 Rc2 39. Bf2 h6 40. Kh2 Ree2 41.
Kg1 Kh7 42. a5 Red2 43. Qb6 Qd1+ 44. Kh2 Qf1 45. a6 Rxf2 46. Rxf2 Rxf2+ 47. Qxf2 Qxf2+ 48. Kh1 Qxg3 49. a7 Qxh3+ 50. Kg1 Qg3+ 51. Kh1 Qf3+ 52.
Kh2 Qa8 0-1

[Event "*** Titled Tuesday Blitz"]
[Site "Chess.com"]
[Date "2018.10.02"]
[Round "5"]
[White "335394862"]
[Black "Godzillator"]
[Result "1/2-1/2"]
[WhiteElo "2314"]
[BlackElo "2262"]
[TimeControl "180+2"]
[EndTime "14:04:44 PDT"]
[Termination "Game drawn by repetition"]

1. Nf3 d5 2. g3 Nf6 3. Bg2 c6 4. c4 Bg4 5. cxd5 Bxf3 6. Bxf3 cxd5 7. d4 e6 8. O-O Nc6 9. Nc3 Be7 10. e4 dxe4 11.
Nxe4 Nxe4 12. Bxe4 Rc8 13. d5 exd5 14. Bxd5 O-O 15.
a3 Bf6 16. Rb1 Qd7 17. Be3 Rfd8 18. Bb3 a6 19. Qxd7 Rxd7 20. Rfd1 Rcd8 21. Rxd7 Rxd7 22. Kf1 g6 23. Ke1 Nd4 24. Bd1 Nf5 25. Bd2 Re7+ 26. Kf1 Nd4 27. Bc3 Kg7 28. Rc1 Nb5 29. Bxf6+ Kxf6 30. Rc4 Nd6 31. Rd4 Ke5 32. Rd3 Rc7 33. f4+ Ke6 34.
Bb3+ Ke7 35. Ke2 h5 36. Re3+ Kf6 37. Rd3 Nf5 38. h3 Ke7 39. g4 hxg4 40. hxg4 Nd6 41.
Re3+ Kf8 42. Rd3 Ke7 43. Kf3 Rc1 44. Re3+ Kf8 45. Rd3 Ke7 46. Re3+ Kf8 47. Re5 Rb1 48.
Re2 Rh1 49. Kg2 Rc1 50. Rd2 Ke7 51. Re2+ Kf8 52. Rd2 Ke7 53. Re2+ Kd7 54. Rd2 Kc7 55. Kf3 Rh1 56. Kg2 Rc1 57. Re2 Kd7 58. Rd2 Ke7 59.
Re2+ Kf8 60. Rd2 Ke7 61. Re2+ 1/2-1/2

[Event "*** Titled Tuesday Blitz"]
[Site "Chess.com"]
[Date "2018.10.02"]
[Round "5"]
[White "ahmadzada13"]
[Black "BocharovD"]
[Result "1-0"]
[WhiteElo "2648"]
[BlackElo "2780"]
[TimeControl "180+2"]
[EndTime "14:04:45 PDT"]
[Termination "ahmadzada13 won by resignation"]

1. e4 c5 2. Nf3 e6 3. c3 d5 4. exd5 Qxd5 5. d4 Nf6 6. Na3 Nc6 7. Nb5 Qd8 8. Bf4 Nd5 9. Bg3 a6 10. Na3 cxd4 11. Nxd4 Nxc3 12. bxc3 Bxa3 13. Nxc6 bxc6 14.
Qxd8+ Kxd8 15. Rb1 e5 16. Bd3 f6 17. f3 Bc5 18. Kd2 h5 19. h4 Kc7 20. f4 Rd8 21. Kc2 exf4 22. Bxf4+ Bd6 23. Be3 c5 24. Be4 Rb8 25. Rxb8 Kxb8 26. Rb1+ Kc7 27. c4 Re8 28. Kd3 Rd8 29. Ke2 Bg4+ 30. Bf3 Re8 31. Rb7+ Kc8 32. Ra7 Re7 33. Rxa6 Bf4 34. Ra8+ Bb8 35. Bxg4+ hxg4 36. Kd3 Kb7 37. Ra5 Bc7 38. Rb5+ Kc6 39. Rxc5+ Kd7 40. Rd5+ Kc6 41. a4 g6 42. a5 f5 43. a6 f4 44. Bf2 g3 45. Bd4 Re1 46. Rg5 Rd1+ 47. Ke4 Re1+ 48. Kf3 Rf1+ 49. Kg4 f3 50. Rxg6+ Bd6 51. a7 Kb7 52. Rg7+ Ka8 53. Rg8+ 1-0

[Event "*** Titled Tuesday Blitz"]
[Site "Chess.com"]
[Date "2018.10.02"]
[Round "5"]
[White "cool4chess"]
[Black "Aklanion"]
[Result "1-0"]
[WhiteElo "2175"]
[BlackElo "2167"]
[TimeControl "180+2"]
[EndTime "14:04:45 PDT"]
[Termination "cool4chess won by resignation"]

1. e4 c5 2. Nf3 e6 3. d4 cxd4 4. Nxd4 Nc6 5. Nc3 Qc7 6. Be2 a6 7. O-O Nf6 8. Kh1 Nxd4 9. Qxd4 Bc5 10. Qd3 b5 11. f4 h5 12. e5 Ng4 13. Ne4 Bb7 14.
Bd2 Rc8 15. Be1 Ne3 16. Rf3 Nf5 17. Rh3 Bxe4 18. Qxe4 d5 19. exd6 Bxd6 20. Bc3 Bxf4 21. Rf1 b4 22. Bxb4 Bd6 23. Bxa6 Bxb4 24. Bxc8 Nd6 25.
Qxb4 Nxc8 26. Rc3 Qd8 27. Qb8 Ne7 28. Qxd8+ Kxd8 29. Rd1+ Nd5 30. Ra3 Ke7 31. c4 Nf6 32. c5 Ng4 33. Kg1 Rc8 34. b4 Rb8 35. Rb3 Ne5 36. a3 Nc6 37. Rd6 Na5 38. Rbd3 Nc4 39.
Rd7+ Kf6 40. Rf3+ Kg6 41. Rfxf7 Ne5 42. Rxg7+ Kf6 43. Ra7 Rd8 44. h3 h4 45. Rh7 Rd1+ 46. Kh2 Rd2 47. Kg1 Nd3 48. Rxh4 Rd1+ 49. Kh2 Nf2 50.
Rf4+ Ke5 51. Rxf2 1-0

[Event "*** Titled Tuesday Blitz"]
[Site "Chess.com"]
[Date "2018.10.02"]
[Round "5"]
[White "ddtru"]
[Black "RichardABates"]
[Result "1/2-1/2"]
[WhiteElo "2247"]
[BlackElo "2346"]
[TimeControl "180+2"]
[EndTime "14:04:46 PDT"]
[Termination "Game drawn by agreement"]

1. d4 Nf6 2. Nf3 g6 3. c4 Bg7 4. g3 O-O 5. Bg2 d6 6. O-O c6 7.
Nc3 Qb6 8. h3 Qb4 9. Qd3 d5 10.
cxd5 cxd5 11. Ne5 Bf5 12. Qb5 Qxb5 13. Nxb5 Nc6 14. Nxc6 bxc6 15. Nc3 Rab8 16. b3 Nd7 17. Be3 e5 18. Rad1 Rfe8 19. dxe5 Bxe5 20. Bd4 Rb4 21.
Bxe5 Rxe5 22. e3 Nf6 23. Rc1 c5 24. Rfd1 Be6 25. Na4 c4 26. Nc5 Bf5 27. a3 Rb5 28. b4 a5 29. g4 Be6 30. Rb1 axb4 31. axb4 c3 32. Rdc1 h5 33. gxh5 Rxh5 34. Nxe6 fxe6 35. Rxc3 Rh4 36. Rc6 Kf7 37. Rc7+ Kf8 38. Ra1 Rhxb4 39.
Ra8+ Rb8 40. Raa7 Ne8 41. Rh7 Kg8 42. h4 Ra4 43. Rae7 Ra1+ 44. Kh2 Ra2 45. Rh6 Rxf2 46. Rxg6+ Kf8 47. Rexe6 Rbb2 48. Re5 Nf6 49. Reg5 Kf7 50. h5 Nxh5 51. Ra6 Nf6 52. Ra7+ Ke6 53. Ra6+ Ke7 54. Ra7+ Nd7 55. Rg7+ Ke6 56. Raxd7 Rxg2+ 57. Rxg2 Rxg2+ 58. Kxg2 Kxd7 59. Kf3 Ke6 1/2-1/2

[Event "*** Titled Tuesday Blitz"]
[Site "Chess.com"]
[Date "2018.10.02"]
[Round "5"]
[White "Zarikovs1999"]
[Black "MikeSailer"]
[Result "1-0"]
[WhiteElo "2194"]
[BlackElo "2056"]
[TimeControl "180+2"]
[EndTime "14:04:52 PDT"]
[Termination "Zarikovs1999 won by resignation"]

1. Nf3 d5 2. g3 Nf6 3. Bg2 Bf5 4. O-O e6 5. d3 Be7 6. Nbd2 O-O 7. Qe1 h6 8. e4 Bh7 9. b3 c5 10. Bb2 Nc6 11.
a3 a5 12. h3 a4 13. Nh2 axb3 14. cxb3 Nd4 15. Bxd4 cxd4 16. b4 dxe4 17. Nxe4 Nd5 18.
Nf3 Qb6 19. Ne5 Rfd8 20. Nc4 Qa6 21. Na5 Qxd3 22. Nxb7 Rdb8 23. Nbc5 Bxc5 24. Nxc5 Qb5 25. Bxd5 exd5 26. Qd2 d3 27. Rfe1 Qc4 28. Rac1 Qd4 29. Rc3 Re8 30. Rxe8+ Rxe8 31. Nxd3 Be4 32. Qe1 Kh7 33. Nc5 Qe5 34. Nxe4 dxe4 35. Re3 Qf5 36. Kg2 Qg6 37. Qc3 f5 38. Qc7 f4 39. Qxf4 Qa6 40.
Rxe4 Qb7 41. Kf3 Rd8 42. Qf5+ Kg8 43. Qe6+ Kh8 44. Qe7 Rd3+ 45. Kg2 Qd5 46. Qe8+ Kh7 47. Qe5 Qd7 48. b5 Rd2 49. Rf4 Qb7+ 50. Qe4+ Qxe4+ 51.
Rxe4 Rb2 52. Rb4 Ra2 53. b6 1-0

[Event "*** Titled Tuesday Blitz"]
[Site "Chess.com"]
[Date "2018.10.02"]
[Round "5"]
[White "RiskyDecision"]
[Black "Kawhi_Leonard2"]
[Result "1-0"]
[WhiteElo "2394"]
[BlackElo "2271"]
[TimeControl "180+2"]
[EndTime "14:04:59 PDT"]
[Termination "RiskyDecision won by resignation"]

1. d4 Nf6 2. c4 c5 3. d5 e6 4.
Nc3 exd5 5. cxd5 d6 6. g3 g6 7. Bg2 Bg7 8. Nf3 O-O 9. O-O a6 10. a4 Nbd7 11. Bf4 Qe7 12. Nd2 Nh5 13. Be3 f5 14. Nc4 f4 15. Bd2 Ne5 16. Nb6 Rb8 17. Nxc8 Rbxc8 18. Bh3 Rce8 19. a5 Kh8 20. Ra4 g5 21. Be6 Bh6 22. Kh1 Ng7 23. gxf4 gxf4 24. Qb3 Nxe6 25. dxe6 Qxe6 26. Qxe6 Rxe6 27. Nd5 Rg6 28.
Bxf4 Bxf4 29. Rxf4 Rxf4 30. Nxf4 Rg4 31. e3 Ng6 32.
Nxg6+ Rxg6 33. b4 cxb4 34. Rb1 Rg5 35. Rxb4 Rxa5 36. Rxb7 Rd5 37. Kg2 a5 38. Ra7 Rf5 39. f4 Rb5 40. Kf3 Kg8 41. Ke4 h5 42. h4 Rc5 43. f5 Re5+ 44. Kf4 Kf8 45. e4 Kg8 46. Ra6 Rb5 47. Rxd6 Rb1 48. Rd7 Rg1 49. f6 Rg4+ 50.
Kf5 Rxh4 51. e5 Rh1 52. Rd8+ Kh7 53. f7 Rf1+ 54. Ke6 Kg7 55. Rg8+ Kh7 56. f8=Q 1-0

[Event "*** Titled Tuesday Blitz"]
[Site "Chess.com"]
[Date "2018.10.02"]
[Round "5"]
[White "b_6"]
[Black "Saitama_Hero"]
[Result "0-1"]
[WhiteElo "2388"]
[BlackElo "2241"]
[TimeControl "180+2"]
[EndTime "14:05:15 PDT"]
[Termination "Saitama_Hero won by resignation"]

1. Nf3 Nf6 2. g3 e6 3. Bg2 a6 4. c4 d5 5. b3 Be7 6. O-O O-O 7. Bb2 Nc6 8. d4 Rb8 9. Nc3 dxc4 10. bxc4 Na5 11.
Nd2 Qxd4 12. Rc1 Rd8 13. Rc2 Qc5 14. Qa1 Nc6 15. Nce4 Qf5 16. h3 Bd7 17. g4 Qg6 18. Nxf6+ Bxf6 19. Be4 Qh6 20. Kg2 Bxb2 21. Qxb2 e5 22. Nf3 f6 23. Bd5+ Kh8 24. Rd2 Qg6 25. Rfd1 Qe8 26. e3 Ne7 27. Be4 Bc6 28. Bd5 Bxd5 29.
cxd5 Nc8 30. Re2 Nd6 31. e4 Qa4 32. Rde1 c5 33. Qb6 Qb5 34. Qc7 Rbc8 35. Qe7 Qd7 36. Qxd7 Rxd7 37. a4 b5 38. axb5 axb5 39. Rb2 b4 40.
Kf1 Rb7 41. Nd2 c4 42. Rbb1 b3 43. Rec1 b2 44. Rc2 c3 45. f3 cxd2 46. Rxd2 Nc4 47. Rd3 Kg8 48. Ke2 Kf7 49. Rc3 Ke7 50. h4 Kd7 51. h5 Nd6 52. Rxc8 Kxc8 53. Kd3 Kd7 54.
Kc3 Rb6 55. Kd3 Nf7 56. Ke3 Ng5 57. Ke2 Rb3 0-1